 Dungeon Crawl Stone Soup version 0.22-a0-580-gd5db89c (webtiles) character file.

60 inc the Sneak (level 3, 14/14 HPs)
             Began as a Felid Enchanter on July 3, 2018.
             Quit the game on level 2 of the Dungeon.
             The game lasted 00:04:06 (2638 turns).

inc the Sneak (Felid Enchanter)                     Turns: 2638, Time: 00:04:07

Health: 14/14      AC:  1    Str:  4    XL:     3   Next: 80%
Magic:  7/7        EV: 18    Int: 17    God:
Gold:   129        SH:  0    Dex: 16    Spells: 0/6 levels left
                                        Lives:  0   Deaths: 1

rFire    . . .     SeeInvis +     - Unarmed
rCold    . . .     Gourm    .   (shield unavailable)
rNeg     . . .     Faith    .   (armour unavailable)
rPois    .         Spirit   .   (helmet unavailable)
rElec    .         Reflect  .   (cloak unavailable)
rCorr    .         Harm     .   (gloves unavailable)
MR       .....                  (boots unavailable)
Stlth    ++++......             (no amulet)
HPRegen  0.04/turn              (no ring)
MPRegen  0.10/turn              (no ring)

@: quick
A: very small, no armour, no weapons or thrown items, stealth, claws 1, fangs 3,
see invisible, carnivore, speed 1, shaggy fur 1, slow metabolism 1, sharp paws
a: no special abilities


You were on level 2 of the Dungeon.
You were not hungry.

You visited 1 branch of the dungeon, and saw 3 of its levels.

You collected 129 gold pieces.

Inventory:

Scrolls
 i - a scroll of teleportation {unknown}
 j - 4 scrolls of identify {unknown}
 k - a scroll of random uselessness {unknown}
 l - a scroll of amnesia {unknown}
Potions
 a - a potion of agility {unknown}
 c - a potion of ambrosia {unknown}
 d - a potion of mutation {unknown}
 e - a potion of magic
 f - a potion of degeneration {unknown}
 g - 2 potions of curing {unknown}
 h - a potion of flight {unknown}
Comestibles
 b - 8 rations


   Skills:
 - Level 2.6 Dodging
 + Level 6.5 Stealth
 - Level 3.1 Unarmed Combat
 - Level 2.0 Spellcasting
 - Level 4.4 Hexes


You couldn't memorise any spells.
You knew the following spells:

 Your Spells              Type           Power        Failure   Level  Hunger
a - Corona                Hex            ###....      3%          1    #......
b - Ensorcelled Hibernat  Hex/Ice        #.....       12%         2    ###....
c - Confuse               Hex            ###.....     10%         3    ###....

Your spell library contained the following spells:

 Spells                   Type           Power        Failure   Level  Hunger
 Tukima's Dance           Hex            ###.....     10%         3    ###....
 Dazzling Spray           Conj/Hex       #.....       24%         3    ###....


Dungeon Overview and Level Annotations

Branches:
Dungeon (3/15)

Altars:
Cheibriados
Kikubaaqudgha
Makhleb

Annotations:
D:3 1 runed door


Innate Abilities, Weirdness & Mutations

You cannot wear armour.
You are incapable of wielding weapons or throwing items.
Your paws allow you to move quietly. (Stealth)
You have sharp claws.
You have razor-sharp teeth.
You have supernaturally acute eyesight. (SInv)
You are carnivorous and can eat meat at any time.
You cover ground quickly.
You are covered in fur. (AC +1)
You have a slow metabolism.
Your sharp claws are effective at attacking unaware monsters.


Message History

The vampire bat bites you.
* * * LOW HITPOINT WARNING * * *
The vampire bat draws strength from your injuries!
Casting: Confuse (safe; 10% risk of failure)
Confirm with . or Enter, or press ? or * to list all spells.
Aiming: Confuse (safe; 10% risk of failure)
Press: ? - help, Shift-Dir - straight line, f/p - bat zombie
Aim: a bat zombie (chance to defeat MR: 63%)
Okay, then.
It was a potion of magic.
Magic courses through your body. The vampire bat completely misses you.
The vampire bat bites you.
* * * LOW HITPOINT WARNING * * *
The vampire bat draws strength from your injuries!
The vampire bat bites you.
You die...
The vampire bat draws strength from your injuries!
The vampire bat completely misses you.
You are now level 3!
You rejoin the land of the living...
Are you sure you want to abandon this character and quit the game? (Confirm with "yes".)

#..# #..# #.รท# #..# #..# # #..#
## #..################
.#########(................#####
................@..##..........#
.#######.#########...........).#
## #.# #..#.####.###.# # #.#
#..#.# #.# #.# ###### #.# #..#.#
#.# #.# ...(.###.# #..#.# #.#
#.#
###...##.#########..#.####.###.#
....#.........(.......##.......#
###..)############..####...###.#


There were no monsters in sight!

Vanquished Creatures
  3 gnolls (D:2)
  4 adders (D:2)
  3 worms (D:2)
  2 dart slugs (D:2)
  2 leopard geckos (D:1)
  A bat skeleton (D:2)
  2 bat zombies (D:2)
  2 giant cockroaches (D:2)
  7 hobgoblins
  2 quokkas (D:2)
  4 bats
  A frilled lizard (D:2)
  6 goblins
  A kobold (D:2)
  5 rats
45 creatures vanquished.

Notes
Turn   | Place    | Note
-------+----------+-------------------------------------------
     0 | D:1      | inc the Felid Enchanter began the quest for the Orb.
     0 | D:1      | Reached XP level 1. HP: 7/7 MP: 4/4
   581 | D:1      | Reached XP level 2. HP: 11/11 MP: 6/6
  1324 | D:1      | Found a burning altar of Makhleb.
  1374 | D:2      | Reached XP level 3. HP: 14/14 MP: 7/7
  1387 | D:2      | Learned a level 2 spell: Ensorcelled Hibernation
  1391 | D:2      | Learned a level 3 spell: Confuse
  1825 | D:2      | Reached skill level 5 in Stealth
  1975 | D:2      | Reached XP level 4. HP: 18/18 MP: 3/8
  2208 | D:2      | Reached skill level 6 in Stealth
  2223 | D:2      | Found a snail-covered altar of Cheibriados.
  2407 | D:2      | You fall through a shaft!
  2456 | D:3      | Found a runed door.
  2622 | D:2      | Found an ancient bone altar of Kikubaaqudgha.
  2637 | D:2      | Slain by a vampire bat
  2638 | D:2      | Reached XP level 3. HP: 0/14 MP: 7/7
  2638 | D:2      | Quit the game

Vault maps used:
D:1:      dpeg_arrival_water_altar
D:2:      kennysheep_vampire_church, cheibriados_altar_1
D:3:      minmay_roachtagon, first_ration, kennysheep_generic_room_16,
          uniq_sigmund, uniq_crazy_yiuf_cottage

Skill      XL: |  1  2  3  4 |
---------------+-------------+-----
Unarmed Combat | 2 3 |  3.1
Stealth        | 5 6 |  6.5
Dodging        | |  2.6
Spellcasting   | |  2.0
Hexes          | |  4.4

Action                   |  1- 3 |  4- 6 || total
-------------------------+-------+-------++-------
Melee: Unarmed           |    79 |    15 ||    94
       Bite              |     4 |     2 ||     6
 Cast: Corona            |     2 |       ||     2
       Ensorcelled Hiber |    11 |    14 ||    25
       Confuse           |       |     1 ||     1
  Use: Potion            |       |     1 ||     1
 Stab: Sleeping          |    19 |    12 ||    31
  Eat: Chunk             |     6 |     2 ||     8
Armor: Skin              |     1 |     5 ||     6
Dodge: Dodged            |    62 |    30 ||    92

Table legend:
 A = Spawn XP
 B = Non-spawn XP
 C = Spawn XP percentage of total XP
 D = Spawn monster count
 E = Non-spawn monster count
 F = Spawn count percentage of total count
 G = Total turns spent on level
                    A         B        C        D         E        F      G
               +---------+---------+-------+---------+---------+-------+---------
         Total |       0 |     177 |   0.0 |       0 |      45 |   0.0 |  2638
               +---------+---------+-------+---------+---------+-------+---------
           D:1 |       0 |      32 |   0.0 |       0 |      17 |   0.0 |  1530
           D:2 |       0 |     144 |   0.0 |       0 |      27 |   0.0 |  1037
           D:3 |       0 |       1 |   0.0 |       0 |       1 |   0.0 |    71
               +---------+---------+-------+---------+---------+-------+---------
